Map: Abyssal Reef LE

Players

TRUE - Winner!

  • Race: Zerg Zerg
  • Spawn Location: 5:00

uThermal

  • Race: Terran Terran
  • Spawn Location: 11:00

Event: WCS Austin 2017

VOD

Have the link to the VOD?

Description

Time

  • Played on: April 29, 2017, 3 p.m.
  • Length: 18:26

All games in this series

Show
View Real Time Build Order
Export as new Build Order

TRUE Zerg - Winner!

Build Orders: Pool First, Muta Ling Bane 

Get SALT Encoding   

  12  0:00  Drone  
  13  0:12  Overlord  
  13  0:16  Drone  
  14  0:31  Drone x2  
  16  0:41  Spawning Pool  
  15  0:44  Drone  
  15  0:48  Drone  
  17  0:53  Extractor  
  16  0:58  Drone  
  17  1:17  Hatchery  
  16  1:27  Zergling x2  
  16  1:28  Zergling x4  
  19  1:38  Queen  
  21  1:47  Overlord  
  21  1:54  Metabolic Boost  
  21  1:59  Drone  
  22  2:06  Drone  
  23  2:11  Drone  
  24  2:22  Drone  
  25  2:30  Drone, Queen  
  25  2:32  Queen  
  30  2:38  Drone  
  30  2:43  Drone x2  
  33  2:50  Drone  
  34  2:54  Drone  
  35  3:01  Overlord  
  35  3:02  Drone  
  36  3:19  Drone  
  37  3:20  Hatchery  
  37  3:21  Drone x2  
  37  3:23  Drone  
  37  3:26  Drone  
  40  3:30  Drone x2  
  40  3:32  Drone  
  42  3:34  Drone  
  42  3:40  Overlord  
  43  3:43  Evolution Chamber  
  43  3:44  Drone  
  43  3:47  Overlord  
  43  3:58  Drone, Queen  
  43  3:59  Drone x2  
  48  4:04  Queen  
  48  4:09  Zerg Ground Armor Level 1  
  51  4:10  Drone  
  51  4:13  Overlord  
  51  4:17  Overlord  
  51  4:20  Drone x2  
  51  4:23  Overlord  
  53  4:24  Drone  
  53  4:27  Drone  
  53  4:28  Drone  
  53  4:29  Drone  
  53  4:31  Drone  
  58  4:37  Queen  
  60  4:41  Queen  
  60  4:45  Lair  
  62  4:49  Spore Crawler  
  62  4:51  Drone  
  62  4:53  Spore Crawler  
  62  4:54  Drone  
  62  4:56  Drone  
  62  4:57  Drone  
  62  4:59  Drone, Spore Crawler  
  64  5:01  Drone  
  64  5:02  Drone  
  64  5:04  Drone  
  64  5:05  Drone  
  68  5:07  Drone  
  68  5:09  Drone  
  68  5:11  Drone  
  68  5:13  Drone x2  
  73  5:16  Extractor  
  73  5:17  Drone x2  
  73  5:18  Drone  
  73  5:20  Drone  
  73  5:21  Drone  
  77  5:22  Drone  
  77  5:24  Drone, Extractor  
  77  5:27  Extractor  
  77  5:28  Zergling x6  
  80  5:29  Drone  
  81  5:36  Overlord, Extractor  
  81  5:37  Drone  
  81  5:38  Drone, Extractor  
  81  5:41  Drone  
  81  5:42  Drone  
  82  5:47  Spire  
  82  5:48  Drone  
  82  5:55  Zergling x4  
  82  5:56  Zergling x4  
  82  5:57  Zergling x8, Overseer  
  89  6:05  Zergling x2  
  89  6:07  Zergling x2  
  89  6:08  Zergling x2  
  89  6:12  Zergling x2  
  89  6:14  Zergling x2  
  89  6:18  Zergling x8  
  88  6:21  Drone  
  88  6:22  Drone x2  
  88  6:25  Drone x4  
  90  6:28  Drone  
  90  6:30  Zerg Melee Weapons Level 1  
  90  6:32  Drone  
  90  6:35  Overlord  
  90  6:41  Overlord  
  90  6:43  Overlord  
  89  6:47  Overlord  
  89  6:49  Drone  
  89  6:53  Drone x2  
  90  7:02  Mutalisk x4  
  90  7:04  Mutalisk  
  90  7:05  Mutalisk  
  90  7:06  Mutalisk  
  104  7:09  Hatchery  
  104  7:11  Hatchery  
  104  7:12  Mutalisk  
  104  7:20  Mutalisk  
  104  7:24  Zergling x2  
  104  7:25  Zergling x10  
  104  7:28  Drone x3  
  104  7:29  Mutalisk  
  115  7:30  Baneling Nest  
  115  7:33  Mutalisk  
  115  7:34  Overlord  
  113  7:37  Overlord  
  113  7:42  Overlord  
  113  7:46  Overlord  
  113  7:50  Overlord  
  113  7:51  Overlord  
  113  7:56  Zergling x10  
  118  7:59  Drone  
  118  8:00  Mutalisk  
  118  8:01  Zergling x2  
  118  8:02  Zergling x2  
  123  8:07  Zergling x4  
  123  8:10  Mutalisk  
  123  8:11  Mutalisk  
  129  8:13  Mutalisk  
  129  8:15  Mutalisk x2  
  129  8:18  Mutalisk  
  135  8:24  Mutalisk  
  135  8:26  Zergling x2  
  138  8:28  Zergling x2  
  138  8:29  Zergling x2  
  138  8:30  Zergling x4  
  138  8:31  Zergling x6  
  138  8:32  Zergling x4  
  147  8:34  Drone x3  
  147  8:35  Centrifical Hooks  
  150  8:42  Drone  
  150  8:43  Drone x3  
  154  8:49  Zerg Ground Armor Level 2  
  154  8:50  Zergling x4, Extractor  
  154  8:54  Zergling x6  
  154  8:55  Zergling x2  
  159  8:56  Baneling  
  159  8:57  Baneling x5  
  159  8:58  Overlord  
  159  8:59  Zergling x4  
  159  9:00  Zergling x4  
  163  9:03  Zerg Flyer Weapons Level 1  
  163  9:05  Drone x2  
  163  9:08  Overlord x3  
  165  9:12  Zergling x2  
  156  9:20  Mutalisk x3  
  156  9:22  Drone x4  
  156  9:23  Drone x2  
  156  9:24  Drone  
  167  9:30  Zergling x2  
  167  9:31  Zergling x12  
  174  9:33  Baneling x4  
  174  9:34  Baneling  
  174  9:35  Baneling x2  
  174  9:36  Baneling x2  
  174  9:37  Baneling x3  
  174  9:38  Baneling  
  174  9:39  Zergling x2  
  174  9:41  Zergling x4  
  174  9:42  Zergling x2  
  174  9:44  Baneling x5  
  178  9:46  Zergling x4  
  178  9:48  Zergling x2  
  178  9:49  Zergling x4  
  178  9:51  Zergling x2  
  184  9:53  Overseer  
  184  9:54  Overlord  
  184  9:56  Overlord  
  184  9:58  Overlord  
  184  10:00  Overlord  
  184  10:01  Overlord  
  184  10:11  Baneling x9  
  184  10:13  Hatchery  
  183  10:14  Baneling x7  
  183  10:15  Baneling  
  183  10:25  Zergling x2  
  183  10:26  Zergling x16  
  190  10:31  Baneling x12  
  190  10:32  Baneling x5  
  190  10:34  Zergling x6  
  192  10:35  Zergling x2  
  192  10:37  Zergling x2  
  194  10:48  Zergling x2  
  190  10:51  Zergling x2  
  190  10:52  Zergling x28  
  197  10:57  Zergling x4  
  197  10:59  Zergling x2  
  197  11:03  Zergling x6  
  183  11:05  Mutalisk x2  
  183  11:07  Mutalisk  
  183  11:08  Mutalisk  
  183  11:10  Mutalisk  
  174  11:11  Mutalisk x2  
  174  11:13  Mutalisk  
  174  11:15  Zergling x4  
  174  11:16  Zergling x2  
  183  11:22  Zergling x2  
  183  11:24  Zergling x2  
  182  11:26  Zerg Melee Weapons Level 2  
  182  11:29  Drone  
  183  11:33  Baneling x6  
  183  11:34  Zergling x16, Baneling x3  
  183  11:36  Zergling x4  
  193  11:43  Zergling x2  
  193  11:45  Overseer, Pneumatized Carapace  
  193  11:46  Zergling x4  
  196  11:55  Zergling x2  
  196  11:56  Zergling x4  
  199  12:07  Overlord  
  199  12:08  Overlord  
  199  12:12  Zergling x2  
  180  12:18  Mutalisk x7  
  180  12:20  Zergling x26  
  199  12:30  Overlord  
  199  12:32  Baneling  
  199  12:33  Baneling  
  199  12:34  Baneling x5  
  199  12:35  Baneling x5  
  199  12:37  Overlord  
  199  12:44  Zerg Flyer Weapons Level 2  
  199  12:49  Zergling x2  
  199  12:50  Zergling x2  
  200  12:52  Overlord  
  200  12:54  Baneling x8  
  190  13:06  Zergling x2  
  190  13:07  Zergling x20  
  190  13:09  Zergling x2  
  200  13:14  Baneling x5  
  200  13:15  Baneling x11  
  200  13:33  Infestation Pit, Hatchery  
  198  13:36  Zergling x6, Extractor  
  198  13:39  Baneling  
  198  13:40  Baneling x14  
  200  13:44  Hatchery  
  200  13:47  Zergling x2  
  174  14:04  Zergling x36  
  174  14:05  Zergling x18  
  195  14:12  Zergling x2  
  195  14:14  Zergling x2  
  195  14:15  Zergling x2  
  195  14:17  Zergling x4  
  178  14:24  Zergling x4  
  178  14:25  Zergling x4  
  178  14:27  Mutalisk  
  163  14:34  Mutalisk  
  163  14:38  Mutalisk x9  
  157  14:39  Zergling x2  
  157  14:44  Zergling x2  
  157  14:45  Zergling x16  
  173  14:49  Zergling x4  
  173  14:50  Zergling x2  
  173  14:51  Zergling x2  
  177  14:53  Drone  
  177  14:54  Baneling  
  177  14:55  Baneling x9  
  177  14:56  Zergling x4  
  177  14:58  Zergling x6  
  183  15:02  Zergling x4  
  183  15:03  Drone  
  183  15:05  Baneling x7  
  186  15:14  Zergling x8, Hive  
  187  15:16  Zergling x4  
  183  15:23  Zergling x2  
  183  15:24  Zergling x2  
  177  15:28  Zergling x2  
  177  15:32  Baneling x15  
  177  15:34  Zergling x2  
  177  15:35  Zergling x14  
  186  15:36  Zergling x2  
  186  15:37  Zergling x2  
  186  15:38  Baneling x3  
  174  15:54  Baneling x14  
  174  15:55  Zergling x18  
  174  15:56  Zergling x2  
  182  15:57  Zergling x2  
  183  16:09  Zergling x22  
  193  16:11  Baneling x2  
  193  16:12  Baneling x3  
  193  16:15  Baneling x3  
  193  16:16  Baneling x3  
  193  16:17  Baneling  
  193  16:18  Baneling x3  
  193  16:19  Baneling  
  193  16:20  Baneling x3  
  193  16:22  Baneling x2  
  193  16:32  Adrenal Glands  
  192  16:34  Zergling x12  
  192  16:35  Zergling x4  
  194  17:02  Zergling x10  
  194  17:03  Baneling x5  
  194  17:04  Hatchery, Baneling x7  
  194  17:07  Overseer  
  198  17:09  Zergling x2  
  191  17:23  Zergling x2  
  191  17:24  Zergling x2  
  191  17:25  Zergling x2  
  188  17:30  Zergling x2  
  188  17:31  Zergling x26  
  199  17:38  Ultralisk Cavern  
  199  17:40  Zergling x2  
  182  18:00  Zergling x10  
  182  18:01  Zergling x26  
  182  18:02  Zergling x2, Hatchery  
  182  18:05  Baneling x19  
  199  18:06  Baneling x18  
  199  18:07  Baneling  
  199  18:12  Extractor  
Show
View Real Time Build Order
Export as new Build Order

uThermal Terran 

Build Orders: Hellion Banshee, MMM Bio 

Get SALT Encoding   

  12  0:01  SCV  
  13  0:13  SCV  
  14  0:17  Supply Depot  
  14  0:25  SCV  
  15  0:38  SCV  
  15  0:40  Barracks  
  16  0:50  SCV  
  17  1:03  SCV  
  18  1:15  Command Center  
  18  1:18  SCV  
  19  1:27  Marine  
  19  1:31  Orbital Command  
  20  1:37  Refinery  
  20  1:45  Marine  
  21  1:47  Supply Depot  
  21  1:56  SCV  
  21  2:00  Refinery  
  22  2:03  Marine  
  23  2:09  SCV  
  24  2:20  Marine  
  24  2:21  SCV  
  26  2:27  Orbital Command  
  25  2:33  SCV  
  26  2:45  SCV  
  26  2:46  Orbital Command  
  26  2:47  Factory  
  26  2:49  Barracks Reactor  
  26  2:57  SCV  
  27  3:09  SCV  
  27  3:11  SCV  
  29  3:21  SCV  
  30  3:32  Starport  
  30  3:33  SCV  
  30  3:37  Command Center  
  30  3:40  Hellion x2  
  30  3:41  Orbital Command  
  34  3:42  Barracks Tech Lab  
  34  3:46  SCV  
  35  3:56  Supply Depot  
  35  3:58  SCV  
  35  4:01  Hellion x2  
  40  4:10  SCV x2  
  42  4:18  Cloaking Field, Banshee  
  42  4:19  Supply Depot  
  42  4:23  Hellion x2  
  49  4:26  SCV x2  
  51  4:32  Supply Depot  
  51  4:38  SCV x2  
  53  4:43  Armory  
  53  4:44  Hellion  
  53  4:45  Hellion  
  57  4:49  Orbital Command  
  57  4:50  SCV  
  58  4:53  SCV  
  58  4:55  Barracks Tech Lab  
  59  5:01  Banshee  
  59  5:06  Hellion x2, SCV x2  
  68  5:16  Engineering Bay  
  68  5:17  Engineering Bay  
  68  5:20  Supply Depot, SCV x2  
  70  5:22  Marine, Stimpack  
  70  5:27  Refinery, Orbital Command  
  71  5:29  Refinery  
  71  5:32  SCV x2  
  73  5:40  Factory Reactor  
  73  5:44  SCV  
  73  5:45  Terran Infantry Weapons Level 1, Barracks  
  74  5:50  Barracks, SCV  
  74  5:52  Marine  
  74  5:54  SCV  
  77  5:58  SCV  
  77  5:59  Starport Reactor  
  77  6:02  SCV  
  79  6:06  SCV  
  79  6:08  Barracks  
  79  6:10  Barracks, SCV  
  81  6:14  SCV  
  81  6:15  Marine  
  71  6:24  SCV x2  
  67  6:30  Terran Infantry Armor Level 1  
  67  6:31  Orbital Command  
  62  6:33  Marine, SCV  
  62  6:37  SCV  
  62  6:39  Factory Reactor  
  65  6:40  Barracks Reactor  
  65  6:46  Marine  
  66  6:50  Marine  
  66  6:51  Marine  
  66  6:52  Medivac x2  
  66  6:59  Barracks Reactor, SCV  
  67  7:01  SCV  
  67  7:04  Marine  
  67  7:06  SCV  
  67  7:08  Marine  
  70  7:09  Marine  
  70  7:11  Supply Depot  
  70  7:12  SCV  
  70  7:13  Supply Depot  
  73  7:21  Marine  
  74  7:24  Marine  
  74  7:26  Marine x2  
  74  7:27  Marine  
  78  7:35  Widow Mine x2  
  78  7:36  Marine x2, Orbital Command  
  83  7:37  Combat Shields  
  83  7:38  Supply Depot x2  
  83  7:39  Marine  
  83  7:42  Marine  
  83  7:44  Medivac x2, Marine x2  
  87  7:45  Marine  
  87  7:47  Supply Depot, SCV  
  93  7:53  Terran Infantry Weapons Level 2, Marine  
  93  7:54  Barracks Reactor  
  93  7:58  Marine x2  
  94  8:01  SCV x2  
  94  8:04  Widow Mine, Bunker  
  98  8:06  Marine  
  98  8:09  Widow Mine  
  98  8:11  Marine x3  
  102  8:16  Marine x2  
  102  8:18  Missile Turret, SCV x2  
  102  8:19  SCV  
  99  8:23  Marine  
  97  8:30  SCV x2  
  97  8:33  Widow Mine  
  101  8:34  Marine x2  
  101  8:36  Marine  
  101  8:37  Marine  
  101  8:38  Widow Mine, Terran Infantry Armor Level 2  
  101  8:39  Marine x2  
  109  8:44  Missile Turret, Marine x2  
  109  8:46  Marine  
  109  8:47  Missile Turret  
  112  8:52  Marine x2  
  112  8:53  Medivac x2  
  112  8:54  Marine  
  112  8:55  Marine  
  120  8:57  Marine x2  
  120  8:59  Supply Depot  
  120  9:02  Widow Mine, Marine x2  
  125  9:05  Marine  
  125  9:07  Widow Mine  
  129  9:11  Marine x2  
  129  9:12  Marine x2  
  129  9:14  Marine  
  123  9:18  Supply Depot  
  123  9:19  Missile Turret, SCV  
  123  9:20  Marine x3  
  123  9:22  SCV  
  123  9:23  Marine  
  126  9:26  SCV  
  126  9:28  Marine  
  126  9:29  Marine  
  126  9:30  Widow Mine  
  131  9:32  Barracks  
  131  9:34  Barracks, Missile Turret  
  131  9:36  Marine x2, SCV  
  131  9:38  Supply Depot, Widow Mine  
  135  9:39  Marine  
  135  9:41  Marine  
  135  9:43  Marine x2  
  135  9:45  Marine  
  140  9:46  Marine  
  141  9:55  Supply Depot  
  141  9:57  Supply Depot  
  141  9:59  Widow Mine, Missile Turret  
  141  10:00  Marine x3  
  141  10:04  Supply Depot  
  141  10:06  Marine  
  147  10:07  Widow Mine  
  149  10:16  Marine  
  149  10:17  Marine x4  
  153  10:23  Marine x3  
  156  10:30  Widow Mine, Marine  
  156  10:33  Supply Depot  
  156  10:34  Marine  
  156  10:35  Supply Depot, Marine  
  158  10:36  Widow Mine  
  161  10:47  Marine  
  158  10:52  Marine x2  
  156  10:57  Terran Infantry Weapons Level 3  
  156  10:58  Widow Mine  
  145  11:04  Widow Mine  
  145  11:07  Marine x3  
  145  11:11  Terran Infantry Armor Level 3  
  118  11:14  Medivac  
  118  11:17  Medivac  
  109  11:20  Marine  
  109  11:21  Marine  
  111  11:27  Marine  
  111  11:29  Marine x4  
  111  11:31  Widow Mine  
  118  11:34  Marine  
  118  11:35  Widow Mine  
  118  11:37  Marine  
  118  11:39  Marine  
  123  11:44  Medivac, Marine  
  125  11:47  Medivac  
  125  11:49  Marine  
  128  11:55  Marine x2  
  128  11:56  Orbital Command  
  128  11:59  Marine  
  133  12:03  Widow Mine  
  133  12:08  Marine x4  
  135  12:09  Marine  
  135  12:14  Medivac  
  118  12:16  Marine x2  
  118  12:17  Marine  
  118  12:20  Marine  
  111  12:25  Marine  
  111  12:26  Marine x2  
  111  12:28  Marine  
  111  12:29  Marine  
  116  12:34  Marine x2  
  116  12:36  Marine  
  119  12:39  Marine  
  119  12:43  Marine  
  119  12:44  Marine  
  122  12:45  Orbital Command  
  122  12:48  Marine  
  122  12:49  Widow Mine  
  125  12:52  Marine  
  125  12:54  Marine  
  125  12:55  Orbital Command  
  125  12:57  Marine  
  128  12:59  Marine  
  114  13:10  Marine x2  
  114  13:11  Marine  
  114  13:15  Marine  
  115  13:21  Medivac  
  115  13:23  Medivac  
  115  13:25  Marine  
  115  13:26  Marine  
  121  13:28  Marine  
  121  13:30  Widow Mine, Marine  
  121  13:32  SCV  
  121  13:33  SCV  
  127  13:36  Marine x2  
  127  13:37  Marine x2  
  127  13:39  Marine, SCV  
  133  13:44  Marine x2  
  133  13:45  SCV  
  134  13:49  Marine x2  
  134  13:50  Marine  
  134  13:51  Medivac  
  134  13:53  Marine  
  142  14:00  Marine x2  
  142  14:02  Marine  
  140  14:03  Marine x2  
  140  14:05  Widow Mine, Marine  
  140  14:06  Marine  
  140  14:07  Marine  
  147  14:13  Marine  
  147  14:15  Medivac  
  147  14:16  Marine x2  
  148  14:18  Marine  
  148  14:19  Marine  
  133  14:26  Unknown  
  133  14:27  Unknown x2  
  133  14:29  Orbital Command  
  99  14:32  Marine x2  
  99  14:33  Marine  
  99  14:34  Widow Mine  
  99  14:39  Marine  
  99  14:41  Orbital Command  
  99  14:44  Marine x2  
  99  14:45  Medivac, Marine  
  87  14:46  Marine  
  87  14:49  Marine  
  87  14:50  Marine x2  
  86  14:55  Marine  
  86  14:56  Marine  
  86  14:57  Marine  
  89  15:02  Widow Mine, Marine x3  
  89  15:07  Marine x2  
  94  15:08  Marine  
  94  15:11  Marine  
  98  15:15  Medivac  
  98  15:17  SCV  
  93  15:28  Marine  
  93  15:30  Unknown, Marine  
  93  15:32  Widow Mine  
  93  15:33  Marine x2  
  99  15:36  Marine  
  99  15:40  Marine  
  99  15:41  Marine  
  83  15:50  Medivac  
  83  15:51  Marine  
  83  15:52  Marine  
  83  15:55  Marine  
  86  15:57  Orbital Command  
  86  15:58  Marine  
  87  16:04  Marine  
  87  16:08  Marine  
  87  16:09  Marine  
  87  16:11  Marine  
  91  16:12  Marine  
  91  16:16  Marine  
  91  16:19  Marine  
  91  16:24  Marine x2  
  94  16:29  Marine x2  
  96  16:34  Marine  
  95  16:42  SCV  
  95  16:43  Supply Depot  
  95  16:44  SCV  
  97  16:52  Marine  
  98  16:55  SCV  
  98  16:56  SCV  
  94  17:09  SCV, Orbital Command  
  95  17:21  SCV  
  82  17:30  Marine x2  
  82  17:33  SCV  
  82  17:34  Widow Mine  
  82  17:35  Marine x2  
  88  17:37  Marine  
  88  17:39  Marine x2  
  88  17:40  Marine  
  88  17:41  Marine  
  93  17:44  Marine  
  93  17:48  Marine  
  93  17:49  Marine  
  97  17:53  Marine  
  71  17:59  Marine  
  71  18:00  Marine  
  70  18:06  Marine  
Tags
 
Add a new tag
Caveats
  • Supply blocks, unpowered buildings, or Contaminate may cause inaccurate times.
  • Supply counts are checked every 10 seconds.